 Dungeon Crawl Stone Soup version 0.29.1-15-g9cfb28693d (webtiles) character file.

Game seed: 13300755699327413193

211 leetdood the Trooper (level 5, 0/47 HPs)
             Began as a Minotaur Fighter on Mar 11, 2023.
             Slain by a phantom (5 damage)
             ... on level 5 of the Dungeon.
             The game lasted 00:08:17 (2632 turns).

leetdood the Trooper (Minotaur Fighter)             Turns: 2632, Time: 00:08:18

Health: 0/47       AC:  7    Str: 23    XL:     5   Next: 57%
Magic:  4/4        EV:  9    Int:  5    God:
Gold:   122        SH:  5    Dex:  9    Spells: 4/4 levels left

rFire   x . .      SeeInvis .   u - +0 hand axe (vorpal)
rCold   + . .      Faith    .   c - +1 buckler
rNeg    . . .      Spirit   .   b - +0 scale mail
rPois   .          Reflect  .   (helmet restricted)
rElec   .          Harm     .   (no cloak)
rCorr   .          Rampage  .   (no gloves)
Will    .....                   (no boots)
Stlth   ..........              (no amulet)
HPRegen 0.15/turn               m - ring of ice
MPRegen 0.09/turn               (no ring)

@: mighty
A: horns 2, retaliatory headbutt
a: no special abilities


You were on level 5 of the Dungeon.
You visited 1 branch of the dungeon, and saw 5 of its levels.

You collected 122 gold pieces.

Inventory:

Hand Weapons
 a - a +0 war axe of chaos
 u - a +0 vorpal hand axe (weapon)
Missiles
 l - 3 boomerangs (quivered)
Armour
 b - a +0 scale mail (worn)
 c - a +1 buckler (worn)
Jewellery
 m - a ring of ice (left hand)
 w - a ring of magical power
Scrolls
 f - a scroll of enchant armour
 h - a scroll of vulnerability {unknown}
 i - a scroll of teleportation {unknown}
 j - 2 scrolls of magic mapping
 k - a scroll of butterflies {unknown}
 n - a scroll of torment {unknown}
 o - a scroll of identify {unknown}
 p - a scroll of immolation {unknown}
 t - a scroll of poison {unknown}
 v - a scroll of fear {unknown}
Potions
 d - a potion of might
 e - 2 potions of lignification {unknown}
 g - a potion of curing {unknown}
 q - a potion of attraction {unknown}
 r - 2 potions of heal wounds {unknown}
 s - a potion of brilliance {unknown}
 x - a potion of ambrosia {unknown}
 z - a potion of degeneration {unknown}


   Skills:
 + Level 4.7 Fighting
 * Level 4.7 Axes
 + Level 4.7 Armour
 + Level 4.7 Shields


You had 4 spell levels left.
You didn't know any spells.
Your spell library contained the following spells:

 Spells                   Type           Power      Damage    Failure   Level
 Static Discharge         Conj/Air       0%         3-3/arc   94%         2
 Sublimation of Blood     Necr           0%         N/A       94%         2
 Wereblood                Tmut           0%         N/A       94%         2
 Dispel Undead            Necr           0%         3d6       100%        4
 Sticky Flame             Conj/Fire      0%         2d3       100%        4
 Summon Hydra             Summ           0%         N/A       100%        7


Dungeon Overview and Level Annotations

Branches:
Dungeon (5/15)
 Temple: D:4-7

Altars:
Ashenzari

Shops:
D:1 (   D:3 !:((

Annotations:
D:4 Eustachio


Innate Abilities, Weirdness & Mutations

You have a pair of horns on your head.
You reflexively headbutt those who attack you in melee.


Message History

You hit the dart slug but do no damage.
You headbutt the dart slug, but do no damage.
The dart slug launches a dart at you.
The slug dart hits you but does no damage.
You slash the dart slug! You headbutt the dart slug.
You kill the dart slug!
Your Axes skill increases to level 4!
You feel very mighty all of a sudden.
You slash the phantom!
The phantom is moderately damaged.
You completely miss the iguana. The phantom closely misses you.
The iguana bites you!
You closely miss the phantom.
The phantom is moderately damaged.
You hit the iguana. You block the phantom's attack.
The iguana bites you but does no damage.
You slash the phantom! You headbutt the phantom.
The phantom is almost destroyed.
You hit the iguana. You slash the phantom!
The phantom hits you but does no damage.
The iguana bites you. The phantom closely misses you. The phantom hits you.
You block the phantom's attack. The iguana bites you!
You closely miss the phantom. You headbutt the phantom.
You destroy the phantom!
You hit the iguana. You closely miss the phantom. The iguana bites you!
* * * LOW HITPOINT WARNING * * *
You block the phantom's attack.
You have reached level 5!
You slash the phantom!
The phantom is almost destroyed.
You slash the iguana!
You kill the iguana!
The phantom hits you but does no damage.
You barely miss the phantom.
The phantom is severely damaged.
The phantom hits you but does no damage.
You barely miss the phantom.
The phantom is severely damaged.
The phantom hits you.
You die...

#.... #....
#...# ##..!
#.... #...#
#...#.....#
#..@#.....#
#.W.#.??..#
#...#.?8/.#
#...#..$..#
#...#W....#
#...#..l..#
#...##..$#
#....#...#
##...#...#


You could see a phantom.

Vanquished Creatures
  A phantom (D:5)
  An iguana (D:5)
  4 adders
  2 adder zombies (D:2)
  2 worms
  3 dart slugs
  An orc (D:3)
  6 endoplasms
  3 giant cockroaches
  2 goblins
  2 hobgoblins (D:1)
  4 jackals (D:1)
  2 quokkas
  2 ball pythons (D:1)
  A ball python skeleton (D:2)
  2 ball python zombies (D:2)
  4 bats
  2 frilled lizards
  6 kobolds
  2 quokka skeletons (D:2)
  A quokka zombie (D:2)
  3 rats
56 creatures vanquished.

Notes
Turn   | Place    | Note
-------+----------+-------------------------------------------
     0 | D:1      | leetdood the Minotaur Fighter began the quest for the Orb.
     0 | D:1      | Reached XP level 1. HP: 19/19 MP: 0/0
   340 | D:1      | Reached XP level 2. HP: 27/27 MP: 1/1
   491 | D:1      | Found Tidwenae's Antique Weapon Boutique.
   902 | D:2      | Reached XP level 3. HP: 30/33 MP: 2/2
   965 | D:2      | Found a faded altar of an unknown god.
   986 | D:2      | Found a broken altar of Ashenzari.
  1397 | D:2      | Reached XP level 4. HP: 40/40 MP: 3/3
  1762 | D:3      | Found a broken altar of Ashenzari.
  1775 | D:3      | Found Masuic's Weapon Shop.
  1942 | D:3      | Found Umyog's Antique Weapon Shop.
  2129 | D:3      | Found Noiryuf's Distillery.
  2251 | D:3      | Found Zebaloa's Book Boutique.
  2600 | D:4      | Noticed Eustachio
  2610 | D:5      | Entered Level 5 of the Dungeon
  2610 | D:5      | Noticed a phantom
  2621 | D:5      | Noticed a phantom
  2629 | D:5      | Killed a phantom
  2630 | D:5      | Reached XP level 5. HP: 4/47 MP: 4/4
  2632 | D:5      | Slain by a phantom

Illustrated notes

Levels and vault maps discovered:
D:1:      matt_arrival_grand_opening, layout_basic, serial_shops,
          nicolae_shop_hallway_plus
D:2:      layout_loops_ring, hellmonk_ecumenical_altar_arch_garden,
          serial_undead, serial_undead_f, serial_undead_a, serial_undead_e,
          serial_undead_e, serial_undead_f, serial_undead_d, serial_undead_d,
          basic_altar, minmay_circle_x
D:3:      layout_loops_cross, ashenzari_altar_1, serial_shops, shop_statue,
          nicolae_shop_bloodbath_and_beyond, shop, nicolae_square_shop
D:4:      layout_loops_cross, nicolae_ru_awakened_eye,
          kiku_gazebo_garden_becter, kennysheep_generic_room_11,
          uniq_crazy_yiuf_cottage, uniq_eustachio, uniq_pikel
D:5:      kennysheep_spiral_hall, layout_rooms, xom_redecorated,
          lemuel_crystal_altar, nemelex_spade_bored_becter, fedhas_altar_4,
          serial_shops, shop, ebering_ghost_reflecting_pool

Skill      XL: |  1  2  3  4 |
---------------+-------------+-----
Fighting       | 4 |  4.7
Armour         | 4 |  4.7
Shields        | 4 |  4.7
Axes           | 3 4 |  4.7

Action                   |  1- 3 |  4- 6 || total
-------------------------+-------+-------++-------
Melee: War axe           |    95 |    19 ||   114
       Headbutt          |    11 |     7 ||    18
       Hand axe          |       |    27 ||    27
  Use: Scroll            |       |     4 ||     4
       Potion            |       |     1 ||     1
Armor: Scale mail        |    34 |    27 ||    61
Dodge: Dodged            |    40 |    18 ||    58
Block: Buckler           |    22 |    11 ||    33
